 Dungeon Crawl Stone Soup version 0.29.1-1-gd02db6906a (webtiles) character file.

Game seed: 16715000694229397159

459 LustLizard the Slasher (level 7, 0/53 HPs)
             Began as a Human Gladiator on Oct 18, 2022.
             Blown up by Ijyb (9 damage)
             ... with a mindburst bolt
             ... on level 3 of the Dungeon.
             The game lasted 00:03:08 (2835 turns).

LustLizard the Slasher (Human Gladiator)            Turns: 2835, Time: 00:03:09

Health: 0/53       AC:  9    Str: 14    XL:     7   Next: 28%
Magic:  7/7        EV: 10    Int:  8    God:
Gold:   209        SH:  0    Dex: 17    Spells: 6/6 levels left

rFire   . . .      SeeInvis .   a - +0 long sword
rCold   . . .      Faith    .   (no shield)
rNeg    . . .      Spirit   .   u - +0 scale mail
rPois   .          Reflect  .   c - +0 helmet
rElec   .          Harm     .   (no cloak)
rCorr   .          Rampage  .   w - +0 pair of gloves
Will    .....                   x - +0 pair of boots
Stlth   ..........              (no amulet)
HPRegen 0.17/turn               (no ring)
MPRegen 0.10/turn               (no ring)

@: no status effects
A: no striking features
a: no special abilities


You were on level 3 of the Dungeon.
You visited 1 branch of the dungeon, and saw 3 of its levels.

You collected 209 gold pieces.

Inventory:

Hand Weapons
 a - a +0 long sword (weapon)
Missiles
 e - a javelin (quivered)
 f - 19 stones
 q - 2 poisoned darts
Armour
 b - a +0 leather armour
 c - a +0 helmet (worn)
 u - a +0 scale mail (worn)
 w - a +0 pair of gloves (worn)
 x - a +0 pair of boots (worn)
Wands
 s - a wand of flame (28)
Scrolls
 h - a scroll of poison {unknown}
 i - a scroll of blinking {unknown}
 l - a scroll of teleportation {unknown}
 m - 3 scrolls of identify {unknown}
 o - a scroll of amnesia {unknown}
 r - a scroll of fear {unknown}
 v - a scroll of magic mapping {unknown}
Potions
 g - 5 potions of curing {unknown}
 j - a potion of resistance {unknown}
 k - a potion of mutation {unknown}
 n - 2 potions of might {unknown}
 p - a potion of flight {unknown}
 t - a potion of attraction {unknown}


   Skills:
 + Level 3.6 Fighting
 * Level 5.3 Long Blades
 * Level 4.9 Throwing
 - Level 3.0 Dodging


You had 6 spell levels left.
You didn't know any spells.
Your spell library contained the following spells:

 Spells                   Type           Power      Damage    Failure   Level
 Sting                    Tmut/Pois      0%         1d3       89%         1
 Poisonous Vapours        Pois/Air       0%         N/A       96%         2
 Sublimation of Blood     Necr           0%         N/A       96%         2
 Wereblood                Tmut           0%         N/A       96%         2
 Olgreb's Toxic Radiance  Pois           0%         N/A       100%        4
 Summon Hydra             Summ           0%         N/A       100%        7


Dungeon Overview and Level Annotations

Branches:
Dungeon (3/15)

Altars:

Annotations:
D:3 Ijyb


Message History

You slash the giant cockroach!
You kill the giant cockroach!
No target in view!
You see here a giant cockroach corpse.
Ijyb the Twisted Goblin comes into view.
She is wielding a +0 dagger and carrying a wand of mindburst (16).
Ijyb shouts!
Ijyb is nearby!
You start waiting.
Ijyb is nearby!
Throw: throwing net
Press: ? - help, Q - select action, (/) - cycle Shift-Dir - straight line, f - Ijyb
Aim: Ijyb, wielding a +0 dagger, wearing a +0 ring mail and carrying a wand of mindburst (16) (60% to hit)
You throw a throwing net. The throwing net hits Ijyb.
Ijyb is caught in the net!
Ijyb zaps a wand.
Your mind is blasted!
Ijyb struggles against the net.
You hit Ijyb but do no damage.
Ijyb zaps a wand.
Your mind is blasted!
Ijyb struggles against the net.
You hit Ijyb but do no damage.
You strike the helpless Ijyb from behind!
You hit Ijyb but do no damage.
Ijyb struggles against the net.
You slash Ijyb!
Ijyb is moderately wounded.
Ijyb struggles against the net.
Ijyb zaps a wand.
Your mind is blasted!
* * * LOW HITPOINT WARNING * * *
Ijyb struggles against the net.
The net rips apart, and Ijyb comes free!
You hit Ijyb but do no damage. You punch Ijyb, but do no damage.
Ijyb is moderately wounded.
You hit Ijyb.
Ijyb is moderately wounded.
Ijyb hits you with a +0 dagger.
* * * LOW HITPOINT WARNING * * *
You closely miss Ijyb.
Ijyb is moderately wounded.
Ijyb hits you with a +0 dagger.
* * * LOW HITPOINT WARNING * * *
You hit Ijyb.
Ijyb is heavily wounded.
Ijyb zaps a wand.
Your mind is blasted!
You die...

.. .# #.# #..# #
###...#.#
.......##
#.g...... #@#
#.# #.# #+# #.#
#.# #.# #.# #.#
##.## #.# #
##...######.#
#.##.>....†....#


You could see Ijyb.

Vanquished Creatures
  Grinder (D:3)
  Sigmund (D:2)
  Terence (D:2)
  3 adders (D:2)
  3 endoplasms
  12 giant cockroaches
  2 goblins
  3 hobgoblins
  3 jackals (D:1)
  5 kobolds
  2 quokkas
  7 ball pythons
  5 bats
  5 frilled lizards
  7 rats
60 creatures vanquished.

Notes
Turn   | Place    | Note
-------+----------+-------------------------------------------
     0 | D:1      | LustLizard the Human Gladiator began the quest for the Orb.
     0 | D:1      | Reached XP level 1. HP: 16/16 MP: 1/1
   183 | D:1      | Reached XP level 2. HP: 21/22 MP: 2/2
   601 | D:1      | Reached XP level 3. HP: 19/27 MP: 3/3
  1244 | D:2      | Noticed Sigmund
  1263 | D:2      | Killed Sigmund
  1264 | D:2      | Reached skill level 4 in Long Blades
  1264 | D:2      | Reached XP level 4. HP: 35/35 MP: 4/4
  1264 | D:2      | Reached XP level 5. HP: 41/41 MP: 5/5
  1457 | D:2      | Reached XP level 6. HP: 38/47 MP: 6/6
  1579 | D:2      | Found a faded altar of an unknown god.
  1820 | D:2      | Noticed Terence
  1829 | D:2      | Killed Terence
  2305 | D:3      | Noticed Grinder
  2305 | D:3      | Paralysed by Grinder for 5 turns
  2330 | D:3      | Paralysed by Grinder for 5 turns
  2344 | D:3      | Killed Grinder
  2345 | D:3      | Reached skill level 5 in Long Blades
  2345 | D:3      | Reached XP level 7. HP: 18/53 MP: 7/7
  2820 | D:3      | Noticed Ijyb
  2835 | D:3      | Blown up by Ijyb

Illustrated notes

Levels and vault maps discovered:
D:1:      psy_arrival_dodecagon, layout_loops_ring
D:2:      layout_loops_corners, basic_ecumenical_altar, dk_noncrumbling_3,
          minmay_worlds_worst_comb, uniq_sigmund, uniq_terence
D:3:      layout_loops_corners, serial_shops, nicolae_shop_window_shopping,
          kennysheep_generic_room_12, uniq_ijyb, uniq_crazy_yiuf_cottage,
          uniq_grinder

Skill      XL: |  1  2  3  4  5  6 |
---------------+-------------------+-----
Fighting       | 3 |  3.6
Long Blades    | 4 5 |  5.3
Throwing       | 3 4 |  4.9
Dodging        | |  3.0

Action                   |  1- 3 |  4- 6 |  7- 9 || total
-------------------------+-------+-------+-------++-------
Melee: Long sword        |    87 |    75 |    18 ||   180
       Punch             |     1 |     1 |     1 ||     3
Throw: Throwing net      |     2 |     2 |     1 ||     5
       Stone             |       |     5 |       ||     5
       Dart              |       |     2 |       ||     2
       Javelin           |       |     1 |       ||     1
 Stab: Sleeping          |       |     6 |       ||     6
       Held in net/web   |       |     1 |     1 ||     2
Armor: Leather armour    |    26 |    18 |       ||    44
       Scale mail        |       |     3 |     3 ||     6
Dodge: Dodged            |    67 |    43 |     6 ||   116
